 Dungeon Crawl Stone Soup version 0.23.2-1-ga50397a6bc (webtiles) character file.

Game seed: 7596287555328165469

60808 Peloso the Peltast (level 14, 0/129 HPs)
             Began as a Minotaur Fighter on May 4, 2019.
             Was a High Priest of Okawaru.
             Slain by an orc (2 damage)
             ... on level 2 of the Orcish Mines.
             The game lasted 01:09:05 (21848 turns).

Peloso the Peltast (Minotaur Fighter)              Turns: 21848, Time: 01:09:06

Health: 0/129      AC: 26    Str: 24    XL:     14   Next: 58%
Magic:  14/14      EV:  9    Int:  5    God:    Okawaru [*****.]
Gold:   655        SH: 14    Dex: 12    Spells: 13/13 levels left

rFire    . . .     SeeInvis .   a - +2 falchion (flame)
rCold    . . .     Gourm    .   U - +0 shield
rNeg     . . .     Faith    .   P - +0 plate armour
rPois    .         Spirit   .   (helmet restricted)
rElec    .         Reflect  .   V - +0 cloak {MR+}
rCorr    .         Harm     .   g - +1 pair of gloves
MR       ++...                  R - +1 pair of boots
Stlth    ..........             (no amulet)
HPRegen  0.31/turn              (no ring)
MPRegen  0.14/turn              K - +5 ring of protection

@: about to teleport, marked, hasted (expiring), studying Armour, heavily
drained, very quick
A: retaliatory headbutt, horns 2
a: Heroism, Finesse, Renounce Religion


You were on level 2 of the Orcish Mines.
You worshipped Okawaru.
Okawaru was extremely pleased with you.
You were hungry.

You visited 4 branches of the dungeon, and saw 21 of its levels.

You collected 1268 gold pieces.
You spent 613 gold pieces at shops.

Inventory:

Hand Weapons
 a - a +2 falchion of flaming (weapon)
 b - a +2 demon blade of pain
Armour
 g - a +1 pair of gloves (worn)
 y - a +1 scale mail of fire resistance
 P - a +0 plate armour (worn)
 R - a +1 pair of boots (worn)
 U - a +0 shield (worn)
 V - a +0 cloak of magic resistance (worn)
Jewellery
 t - an uncursed ring of ice
 C - an uncursed ring of see invisible
 K - a +5 ring of protection (right hand)
Wands
 I - a wand of digging (1)
Scrolls
 c - a scroll of silence
 h - 8 scrolls of teleportation
 i - a scroll of identify
 l - 9 scrolls of remove curse
 m - 2 scrolls of noise
 n - 5 scrolls of enchant weapon
 u - 8 scrolls of magic mapping
 F - 3 scrolls of fear
Potions
 d - a potion of might
 k - a potion of ambrosia {unknown}
 q - 2 potions of berserk rage
 z - 6 potions of curing
 E - a potion of agility
 J - 6 potions of flight
 Q - 2 potions of resistance
Books
 e - a manual of Armour
Comestibles
 f - 32 rations
 j - 3 chunks of flesh


   Skills:
 + Level 13.0(10.9) Fighting
 + Level 15.8(13.6) Long Blades
 + Level 13.7(11.5) Armour
 + Level 6.1(4.3) Dodging
 + Level 1.2(0.0) Stealth
 + Level 16.5(14.2) Shields
 + Level 1.7(0.1) Invocations
 + Level 1.8(0.2) Evocations


You had 13 spell levels left.
You didn't know any spells.
Your spell library contained the following spells:

 Spells                   Type           Power        Failure   Level  Hunger
 Animate Skeleton         Necr           N/A          99%         1    ##.....
 Apportation              Tloc           #.....       99%         1    ##.....
 Beastly Appendage        Tmut           #.....       99%         1    ##.....
 Confusing Touch          Hex            #.....       99%         1    ##.....
 Magic Dart               Conj           #...         99%         1    ##.....
 Pain                     Necr           #...         99%         1    ##.....
 Sting                    Conj/Pois      #...         99%         1    ##.....
 Summon Small Mammal      Summ           #...         99%         1    ##.....
 Blink                    Tloc           N/A          100%        2    ###....
 Call Imp                 Summ           #.......     100%        2    ###....
 Corpse Rot               Necr           N/A          100%        2    ###....
 Poisonous Vapours        Pois/Air       #.....       100%        2    ###....
 Slow                     Hex            #.......     100%        2    ###....
 Sticks to Snakes         Tmut           #.......     100%        2    ###....
 Sublimation of Blood     Necr           #.........   100%        2    ###....
 Confuse                  Hex            #.......     100%        3    ####...
 Conjure Flame            Conj/Fire      #.......     100%        3    ####...
 Gell's Gravitas          Tloc           #.........   100%        3    ####...
 Ignite Poison            Fire/Tmut/Pois #.......     100%        3    ####...
 Mephitic Cloud           Conj/Pois/Air  #.......     100%        3    ####...
 Regeneration             Chrm/Necr      #.........   100%        3    ####...
 Spider Form              Tmut/Pois      #.........   100%        3    ####...
 Stone Arrow              Conj/Erth      #.....       100%        3    ####...
 Vampiric Draining        Necr           #.........   100%        3    ####...
 Animate Dead             Necr           N/A          100%        4    #####..
 Ice Form                 Ice/Tmut       #.......     100%        4    #####..
 Leda's Liquefaction      Hex/Erth       #.........   100%        4    #####..
 Olgreb's Toxic Radiance  Pois           #.......     100%        4    #####..
 Petrify                  Tmut/Erth      #.......     100%        4    #####..
 Alistair's Intoxication  Tmut/Pois      #.......     100%        5    ######.
 Blade Hands              Tmut           #.........   100%        5    ######.
 Irradiate                Conj/Tmut      #.........   100%        5    ######.
 Metabolic Englaciation   Hex/Ice        #.........   100%        5    ######.
 Summon Forest            Summ/Tloc      #.........   100%        5    ######.
 Venom Bolt               Conj/Pois      #.........   100%        5    ######.
 Yara's Violent Unravell  Hex/Tmut       #.........   100%        5    ######.
 Hydra Form               Tmut           #.........   100%        6    #######
 Summon Hydra             Summ           #.........   100%        7    #######


Dungeon Overview and Level Annotations

Branches:
Dungeon (12/15)            Temple (1/1) D:6            Lair (6/6) D:8
 Shoals (0/4) Lair:2        Snake (0/4) Lair:2        Slime (0/5) Lair:5
    Orc (2/2) D:9             Elf (0/3) Orc:2

Altars:
Ashenzari
Cheibriados
Dithmenos
Elyvilon
Fedhas
Gozag
Hepliaklqana
Kikubaaqudgha
Makhleb
Nemelex Xobeh
Okawaru
Qazlal
Ru
Sif Muna
Trog
Uskayaw
Vehumet
Wu Jian
Xom
Yredelemnul
Zin
The Shining One
Beogh
Jiyva

Shops:
D:5 ?   D:12 ?   Orc:2 *

Annotations:
Lair:2 exclusion: 3 oklob plants
Lair:3 exclusion: 2 oklob plants
Lair:4 2 transporters, Wairalebb's ghost, journeyman BaFi
Lair:5 exclusion: 2 oklob plants
Orc:2 Sonja


Innate Abilities, Weirdness & Mutations

You reflexively headbutt those who attack you in melee.
You have a pair of horns on your head.


Message History

Unknown command.
Your plate armour prevents you from hitting the orc sorcerer.
Your headbutt misses the orc sorcerer.
The orc sorcerer is heavily wounded.
The orc hits you but does no damage. The wraith closely misses you.
You riposte.
You closely miss the wraith.
Unknown command.
As you read the scroll of teleportation, it crumbles to dust.
You feel strangely unstable. The orc barely misses you.
You riposte.
Your plate armour prevents you from hitting the orc.
The orc priest invokes the aid of Beogh against you.
Beogh smites you!
* * * LOW HITPOINT WARNING * * *
The orc sorcerer hits you but does no damage.
You block the orc warrior's attack.
The orc priest invokes the aid of Beogh against you.
Beogh smites you!
* * * LOW HITPOINT WARNING * * *
The orc hits you.
You die...

,.............##..........$###.##
,..............).......o...#$...#
,..................#W..........##
,.........#o.......###4.........#
,........##.........##.......#.##
*.#.$o..##.........###....$...##.
**##..o..#....o.>W.###....((.##..
*#...o......#Woo...#.W.......#.
#..........##.@oo....(.#####..#
##o.........##ooo...(.##,∩,##..
###4o......$..###o##.((##,,,,,##.
#.o#####......##.oo#.(.#,,,_,,,#.
..##.).##......##.#o...#,,,8,,,#.
.##)[)..##....o.##o.o..#,,,,,,,#.
.#...))..#.....#.(...#.#*,,,,,##.
.#...8_)∩#.......o....#.#*,,,##..
.'.......#.....<.###.##..#**+#.{.


You could see 3 wraiths, 2 orc sorcerers, 4 orc warriors, 3 orc priests and 6
orcs.

Vanquished Creatures
  A stone giant (Orc:1)
  2 entropy weavers (D:12)
  Josephine (Orc:2)
  6 hydras
  A catoblepas (Lair:5)
  A death knight (D:12)
  A queen ant (D:12)
  2 two-headed ogres
  6 death yaks
  An unseen horror (D:10)
  A lindwurm (Lair:6)
  2 cyclopes (D:11)
  6 elephants (Lair:3)
  Joseph (D:7)
  2 centaur zombies (D:11)
  3 merfolk sirens (Lair:2)
  9 black mambas
  20 spiny frogs
  A torpor snail (Lair:3)
  2 rime drakes
  A gargoyle (D:11)
  2 freezing wraiths (D:12)
  10 komodo dragons
  A troll (D:12)
  A hornet (D:10)
  A merfolk (Lair:2)
  4 tyrant leeches (Lair:6)
  7 hippogriffs
  16 blink frogs
  Sigmund (D:3)
  2 dream sheep (D:12)
  2 wyverns
  2 wraiths
  3 basilisks
  A hungry ghost (D:9)
  37 yaks
  6 vampire mosquitoes
  3 wargs (D:9)
  4 nagas (Lair:2)
  14 soldier ants (D:12)
  A floating eye (Lair:2)
  8 porcupines
  10 water moccasins
  10 orc warriors
  A phantom (D:12)
  2 sky beasts (D:6)
  4 ice beasts
  3 black bears
  An eye of draining (D:9)
  5 wolves
  A necrophage (D:11)
  3 ogres
  5 centaurs
  11 crocodiles
  6 big kobolds
  25 bullfrogs
  5 scorpions
  12 killer bees
  11 wights
  4 electric eels
  2 howler monkeys
  7 crimson imps
  A bullfrog zombie (D:6)
  3 bullfrog skeletons
  2 jellies
  11 orc priests
  Crazy Yiuf (D:7)
  8 hounds
  22 orc wizards
  A gnoll shaman (D:6)
  3 iguanas
  Ijyb (D:3)
  Natasha (twice) (D:2)
  26 worker ants
  A killer bee zombie (D:9)
  A hound zombie (D:9)
  Robin (D:2)
  A howler monkey skeleton (D:10)
  8 gnolls
  12 adders
  4 shadow imps
  An ooze (D:2)
  2 adder skeletons
  An adder zombie (D:6)
  3 dart slugs
  4 leopard geckos
  66 orcs
  A giant cockroach (D:5)
  13 goblins
  13 hobgoblins
  9 jackals
  25 kobolds
  6 quokkas
  A ball python (D:3)
  7 bats
  6 frilled lizards
  A jackal skeleton (D:4)
  A jackal zombie (D:5)
  2 leopard gecko zombies
  A quokka skeleton (D:9)
  2 quokka zombies
  9 rats
  2 bushes (Lair:5)
  2 fungi
  4 plants
615 creatures vanquished.

Vanquished Creatures (others)
  An orc wizard (Orc:2)
  5 fungi
  29 plants
35 creatures vanquished.

Grand Total: 650 creatures vanquished

Notes
Turn   | Place    | Note
-------+----------+-------------------------------------------
     0 | D:1      | Peloso the Minotaur Fighter began the quest for the Orb.
     0 | D:1      | Reached XP level 1. HP: 19/19 MP: 0/0
   199 | D:1      | Reached XP level 2. HP: 27/27 MP: 1/1
   283 | D:1      | Reached skill level 4 in Shields
   667 | D:2      | Reached XP level 3. HP: 33/33 MP: 2/2
   687 | D:2      | Noticed Natasha
   694 | D:2      | Killed Natasha
   754 | D:2      | Found a bloodstained altar of Trog.
   765 | D:2      | Reached skill level 1 in Dodging
   765 | D:2      | Reached XP level 4. HP: 26/41 MP: 3/3
   995 | D:2      | Found a snail-covered altar of Cheibriados.
  1028 | D:2      | Noticed Robin
  1064 | D:2      | Killed Robin
  1064 | D:2      | Reached XP level 5. HP: 25/47 MP: 4/4
  1290 | D:2      | Noticed Natasha
  1294 | D:2      | Killed Natasha
  1474 | D:2      | Noticed a +0 dagger
  1474 | D:2      | Noticed a +0 dagger
  1478 | D:2      | Found a hide-covered altar of Uskayaw.
  1643 | D:3      | Noticed Ijyb
  1649 | D:3      | Killed Ijyb
  1649 | D:3      | Reached skill level 5 in Shields
  1821 | D:3      | Found a shattered altar of Ashenzari.
  1945 | D:3      | Noticed Sigmund
  1964 | D:3      | Killed Sigmund
  1964 | D:3      | Reached skill level 5 in Long Blades
  1964 | D:3      | Reached XP level 6. HP: 32/55 MP: 5/5
  2433 | D:3      | Reached skill level 5 in Armour
  2503 | D:4      | Reached skill level 5 in Fighting
  2503 | D:4      | Reached XP level 7. HP: 61/61 MP: 6/6
  2983 | D:4      | Reached skill level 6 in Shields
  3237 | D:4      | Found a hazy altar of Hepliaklqana.
  3268 | D:5      | Entered Level 5 of the Dungeon
  3268 | D:5      | Found Vuatirez's Magic Scroll Shop.
  3279 | D:4      | Reached XP level 8. HP: 58/69 MP: 7/7
  3623 | D:5      | Bought a scroll of identify for 28 gold pieces
  3623 | D:5      | Bought a scroll of blinking for 105 gold pieces
  3995 | D:5      | Found a burning altar of Makhleb.
  4169 | D:5      | Bought a scroll of remove curse for 42 gold pieces
  4663 | D:6      | Reached skill level 7 in Shields
  4897 | D:6      | Found a staircase to the Ecumenical Temple.
  4909 | Temple   | Entered the Ecumenical Temple
  5006 | Temple   | Became a worshipper of Warmaster Okawaru
  5026 | D:6      | Found an ancient bone altar of Kikubaaqudgha.
  5100 | D:6      | Reached XP level 9. HP: 75/75 MP: 8/8
  5580 | D:7      | Reached * piety under Okawaru
  5584 | D:7      | Reached skill level 8 in Shields
  6069 | D:7      | Reached skill level 10 in Long Blades
  6156 | D:7      | Noticed Joseph
  6190 | D:7      | Killed Joseph
  6190 | D:7      | Reached ** piety under Okawaru
  6190 | D:7      | Reached skill level 9 in Shields
  6384 | D:7      | Found an iron altar of Okawaru.
  6452 | D:7      | Found a runed translucent door.
  6453 | D:7      | Noticed Crazy Yiuf
  6463 | D:7      | Killed Crazy Yiuf
  6692 | D:8      | Reached skill level 5 in Dodging
  6865 | D:8      | Found a staircase to the Lair.
  6898 | D:8      | Reached XP level 10. HP: 85/86 MP: 9/9
  7532 | D:9      | Found a staircase to the Orcish Mines.
  7586 | D:9      | Reached *** piety under Okawaru
  7589 | D:9      | Found a shattered altar of Ashenzari.
  8029 | D:9      | Reached skill level 10 in Shields
  8054 | D:9      | You fall through a shaft for 3 floors!
  8154 | D:12     | Reached **** piety under Okawaru
  8281 | D:12     | Reached XP level 11. HP: 76/95 MP: 10/10
  8388 | D:12     | Noticed a three-headed hydra
  8392 | D:12     | Killed a one-headed hydra
  8480 | D:12     | Identified a scroll of acquirement
  8553 | D:12     | Reached ***** piety under Okawaru
  8660 | D:12     | Noticed a queen ant
  8662 | D:12     | Received a gift from Okawaru
  8685 | D:12     | Noticed an entropy weaver
  8695 | D:12     | Found Cocsarhe's Magic Scroll Emporium.
  8702 | D:12     | Noticed a two-headed ogre
  8711 | D:12     | Killed a two-headed ogre
  8711 | D:12     | Reached skill level 11 in Shields
  8716 | D:12     | Bought a scroll of magic mapping for 42 gold pieces
  8716 | D:12     | Bought a scroll of brand weapon for 240 gold pieces
  8716 | D:12     | Bought a scroll of magic mapping for 42 gold pieces
  9386 | D:10     | Entered Level 10 of the Dungeon
  9386 | D:10     | Noticed an unseen horror
  9411 | D:10     | Killed an unseen horror
 10121 | D:10     | Received a gift from Okawaru
 10131 | D:10     | Got a faintly glowing hat {god gift}
 10137 | D:10     | Identified the +2 hat of Bagohuom {*Slow rPois Int+3}
                  | (Okawaru gifted it to you on level 10 of the Dungeon)
 10574 | D:9      | Noticed a two-headed ogre
 10585 | D:9      | Killed a two-headed ogre
 10585 | D:9      | Reached skill level 1 in Stealth
 10585 | D:9      | Reached skill level 1 in Evocations
 10814 | Lair:1   | Entered Level 1 of the Lair of Beasts
 10831 | Lair:1   | Reached skill level 10 in Fighting
 10860 | Lair:1   | Reached XP level 12. HP: 106/106 MP: 11/11
 10922 | Lair:1   | Reached skill level 10 in Armour
 10966 | Lair:1   | Reached skill level 12 in Shields
 11535 | Lair:2   | Found a staircase to the Snake Pit.
 11830 | Lair:2   | Found a staircase to the Shoals.
 12056 | Lair:2   | Paralysed by a floating eye for 3 turns
 12547 | Lair:3   | Reached skill level 13 in Shields
 12595 | Lair:3   | Received a gift from Okawaru
 12625 | Lair:3   | Got a brightly glowing hand crossbow {god gift}
 12635 | Lair:3   | Identified the +0 hand crossbow of Brutal Revenge {flame,
                  | MR+} (Okawaru gifted it to you on level 3 of the Lair of
                  | Beasts)
 12643 | Lair:3   | Noticed a seven-headed hydra
 12655 | Lair:3   | HP: 4/108 [five-headed hydra (7)]
 12660 | Lair:3   | Killed a two-headed hydra
 13419 | Lair:3   | Noticed a five-headed hydra
 13428 | Lair:3   | Killed a one-headed hydra
 13522 | Lair:3   | Reached XP level 13. HP: 96/116 MP: 13/13
 14354 | Lair:3   | Received a gift from Okawaru
 14689 | Lair:3   | Reached skill level 14 in Shields
 15038 | Lair:4   | Reached skill level 15 in Long Blades
 15085 | Lair:4   | Found a transporter.
 15089 | Lair:4   | Noticed Wairalebb's ghost (journeyman BaFi)
 15120 | Lair:4   | Found a transporter.
 15295 | Lair:4   | Reached ****** piety under Okawaru
 15936 | Lair:5   | Found a blossoming altar of Fedhas.
 16014 | Lair:5   | Found a viscous altar of Jiyva.
 16014 | Lair:5   | Found a staircase to the Slime Pits.
 16024 | Lair:5   | Found the +0 Maxwell's etheric cage {RegenMP+ *Contam rElec
                  | MP+4}
 16044 | Lair:5   | Received a gift from Okawaru
 16086 | Lair:5   | Found a white marble altar of Elyvilon.
 16714 | Lair:6   | Entered Level 6 of the Lair of Beasts
 17046 | Lair:6   | Reached skill level 15 in Shields
 18012 | Lair:6   | Received a gift from Okawaru
 18015 | Lair:6   | Reached XP level 14. HP: 44/127 MP: 11/14
 19438 | Lair:6   | Received a gift from Okawaru
 19967 | D:12     | Bought a scroll of silence for 90 gold pieces
 19967 | D:12     | Bought a scroll of identify for 24 gold pieces
 20211 | D:12     | Killed an entropy weaver
 20380 | D:12     | Noticed an entropy weaver
 20399 | D:12     | Killed an entropy weaver
 20399 | D:12     | Reached skill level 16 in Shields
 20399 | D:12     | Reached skill level 1 in Invocations
 21371 | Orc:1    | Entered Level 1 of the Orcish Mines
 21391 | Orc:1    | Noticed a stone giant
 21408 | Orc:1    | Killed a stone giant
 21671 | Orc:2    | Entered Level 2 of the Orcish Mines
 21671 | Orc:2    | Noticed Sonja
 21675 | Orc:2    | Found a staircase to the Elven Halls.
 21682 | Orc:2    | Found a roughly hewn altar of Beogh.
 21718 | Orc:2    | Found a roughly hewn altar of Beogh.
 21718 | Orc:2    | Found Teqyim's General Store.
 21759 | Orc:2    | Noticed Josephine
 21777 | Orc:2    | Killed Josephine
 21848 | Orc:2    | HP: 2/129 [orc priest/divine providence (12)]
 21848 | Orc:2    | Slain by an orc

Skill      XL: |  1  2  3  4  5  6  7  8  9 10 11 12 13 14 |
---------------+-------------------------------------------+-----
Fighting       | 4 5 6 7 8 10 11 12 13 | 13.0
Shields        | 4 5 6 7 9 10 11 13 15 16 | 16.5
Armour         | 4 5 6 7 8 9 11 13 | 13.7
Long Blades    | 3 5 7 8 10 12 14 15 | 15.8
Dodging        | 1 2 4 5 6 |  6.1
Stealth        | 1 |  1.2
Evocations     | 1 |  1.8
Invocations    | 1 |  1.7

Action                   |  1- 3 |  4- 6 |  7- 9 | 10-12 | 13-15 || total
-------------------------+-------+-------+-------+-------+-------++-------
Melee: Long sword        |    78 |   140 |   461 |    51 |       ||   730
       Headbutt          |    11 |    26 |    89 |   290 |   323 ||   739
       Scimitar          |       |       |       |   244 |       ||   244
       Falchion          |       |       |       |   746 |   903 ||  1649
       Demon blade       |       |       |       |       |   146 ||   146
Invok: Heroism           |       |       |     1 |     5 |    12 ||    18
Evoke: Wand              |       |       |       |    14 |    13 ||    27
  Use: Scroll            |       |       |     8 |    11 |    10 ||    29
       Potion            |       |       |       |     2 |     4 ||     6
  Eat: Chunk             |       |     5 |    15 |    22 |    25 ||    67
       Ration            |       |       |       |       |     1 ||     1
Armor: Scale mail        |    36 |    62 |   194 |    14 |       ||   306
       Plate armour      |       |       |       |   314 |   364 ||   678
Dodge: Dodged            |    24 |    58 |   169 |   185 |   255 ||   691
Block: Shield            |    35 |    80 |   289 |   497 |   685 ||  1586
       Rpst.: Long sword |     5 |    14 |    46 |     7 |       ||    72
       Scimitar          |       |       |       |    13 |       ||    13
       Falchion          |       |       |       |    35 |    64 ||    99
       Demon blade       |       |       |       |       |    12 ||    12
